Map: Catalyst LE

Players

Nice - Winner!

  • Race: Protoss Protoss
  • Spawn Location: 5:00

NXZ

  • Race: Zerg Zerg
  • Spawn Location: 11:00

Event: WCS Austin 2018

VOD

Have the link to the VOD?

Description

Time

  • Played on: June 1, 2018, 10:31 p.m.
  • Length: 10:56

All games in this series

Show
View Real Time Build Order
Export as new Build Order

Nice Protoss - Winner!

Build Orders: 1 Gate Expand, Oracle Opening, Phoenix Opening, Archon Immortal, Zealot Archon, Archon Drop 

Get SALT Encoding   

  12  0:00  Probe  
  13  0:12  Probe  
  14  0:20  Pylon  
  14  0:25  Probe  
  15  0:35  Probe  
  15  0:39  Gateway  
  16  0:44  Probe  
  16  0:49  Assimilator  
  17  0:53  Probe  
  18  1:05  Probe  
  19  1:17  Probe  
  20  1:27  Nexus  
  20  1:38  Cybernetics Core  
  20  1:39  Probe  
  21  1:45  Assimilator  
  21  1:51  Probe  
  22  1:56  Pylon  
  22  2:03  Probe  
  22  2:05  Adept  
  23  2:15  Probe  
  26  2:24  Stargate, Adept  
  26  2:27  Probe  
  27  2:36  Warp Gate  
  29  2:39  Probe  
  29  2:42  Probe  
  31  2:49  Adept  
  33  2:51  Probe  
  33  2:54  Pylon  
  33  2:58  Probe  
  35  3:02  Phoenix  
  35  3:03  Probe  
  36  3:12  Probe  
  39  3:15  Probe  
  40  3:24  Probe  
  41  3:27  Probe  
  41  3:29  Oracle  
  45  3:38  Probe  
  45  3:41  Gateway  
  44  3:43  Probe  
  44  3:46  Assimilator, Adept  
  44  3:48  Assimilator, Probe  
  45  3:51  Pylon  
  45  3:52  Probe  
  46  4:02  Robotics Facility, Probe  
  47  4:05  Probe  
  49  4:12  Probe  
  49  4:15  Twilight Council  
  50  4:17  Probe  
  51  4:25  Probe  
  51  4:28  Pylon  
  51  4:29  Probe  
  51  4:31  Charge  
  53  4:37  Gateway  
  53  4:38  Gateway, Warp Prism  
  53  4:40  Probe  
  54  4:47  Pylon  
  56  4:56  Templar Archives  
  56  5:07  Gateway  
  56  5:09  Gateway  
  56  5:14  Zealot x2  
  60  5:31  Nexus  
  60  5:32  Pylon  
  60  5:39  High Templar x2  
  60  5:41  Pylon  
  60  5:42  High Templar x2  
  68  5:44  Archon  
  68  5:46  Archon  
  68  5:51  Pylon, Probe x2  
  70  5:59  Immortal  
  70  6:01  Zealot  
  73  6:04  Probe  
  73  6:05  Probe  
  73  6:07  Zealot  
  80  6:18  Zealot x3  
  80  6:19  Zealot  
  88  6:31  Zealot  
  90  6:32  Sentry  
  90  6:36  Immortal  
  85  6:49  Pylon  
  85  6:52  Pylon  
  85  6:53  Pylon  
  83  6:59  Zealot x3  
  83  7:00  Zealot x2  
  85  7:03  Void Ray  
  85  7:06  Zealot x3  
  85  7:07  Probe x2  
  77  7:08  Immortal  
  77  7:09  Pylon  
  77  7:11  Pylon  
  77  7:12  Pylon  
  77  7:13  Zealot  
  77  7:15  Pylon  
  81  7:24  High Templar  
  81  7:30  High Templar, Pylon  
  81  7:31  High Templar x2, Pylon  
  81  7:35  Archon x2  
  87  7:46  Immortal  
  89  8:02  Cybernetics Core  
  89  8:04  Zealot  
  89  8:05  Zealot x4, Nexus  
  99  8:06  Pylon  
  98  8:18  Zealot  
  98  8:21  Nexus, Pylon  
  98  8:24  Immortal  
  102  8:29  Pylon  
  102  8:34  High Templar x2  
  102  8:38  Archon  
  102  8:40  Zealot x2, High Templar x2  
  114  8:44  Archon  
  114  9:02  Probe x2, Forge  
  116  9:03  Observer  
  116  9:04  Shield Battery  
  117  9:14  Probe x2  
  117  9:15  Immortal  
  115  9:28  Zealot x2  
  121  9:32  Zealot x3  
  121  9:33  Zealot  
  129  9:43  Probe x2  
  129  9:45  Assimilator  
  129  9:49  Assimilator  
  129  9:52  Immortal  
  99  10:16  Zealot x6  
  111  10:29  Gateway  
  111  10:32  Gateway  
  111  10:34  Pylon  
  99  10:43  Pylon  
  99  10:45  High Templar x3  
  99  10:46  High Templar x2  
  99  10:48  High Templar  
  111  10:50  Archon x2  
  111  10:52  Archon  
Show
View Real Time Build Order
Export as new Build Order

NXZ Zerg 

Build Orders: Hatch First 

Get SALT Encoding   

  12  0:00  Drone  
  13  0:08  Drone  
  14  0:18  Overlord  
  14  0:22  Extractor  
  14  0:23  Drone  
  15  0:36  Drone x2  
  17  0:52  Hatchery  
  17  0:55  Drone  
  17  0:59  Drone  
  18  1:10  Extractor  
  17  1:15  Spawning Pool  
  17  1:18  Drone  
  17  1:22  Drone  
  18  1:27  Drone  
  19  1:38  Overlord  
  19  1:48  Drone  
  20  2:03  Queen  
  20  2:04  Zergling x2  
  20  2:05  Drone, Queen  
  26  2:10  Drone  
  26  2:11  Metabolic Boost  
  27  2:16  Drone  
  27  2:20  Drone  
  29  2:26  Drone  
  30  2:31  Zergling x2  
  31  2:39  Hatchery  
  30  2:45  Queen  
  30  2:50  Overlord  
  32  2:53  Zergling x2  
  32  2:54  Drone  
  32  2:56  Drone  
  32  2:58  Drone  
  35  3:07  Overlord  
  35  3:13  Drone  
  35  3:14  Drone x2  
  35  3:15  Drone x2  
  35  3:16  Zergling x2  
  35  3:18  Drone  
  42  3:25  Zergling x2  
  42  3:26  Drone  
  43  3:34  Drone x2  
  41  3:42  Drone, Queen  
  41  3:46  Overlord  
  41  3:48  Overlord  
  44  3:50  Drone x2  
  44  3:51  Drone  
  44  3:54  Drone  
  48  3:56  Drone  
  48  3:58  Drone x2  
  51  4:03  Spore Crawler  
  51  4:05  Spore Crawler  
  51  4:07  Spore Crawler  
  51  4:09  Drone  
  49  4:11  Drone  
  49  4:12  Drone  
  49  4:14  Drone  
  49  4:16  Drone  
  53  4:23  Drone, Roach Warren  
  53  4:25  Drone x2  
  53  4:30  Extractor  
  53  4:31  Extractor  
  53  4:32  Lair  
  53  4:34  Drone  
  53  4:35  Drone  
  53  4:36  Drone  
  53  4:39  Overlord  
  53  4:43  Zergling x2  
  53  4:44  Zergling x4  
  56  5:01  Overlord  
  56  5:04  Roach x6  
  56  5:07  Roach  
  70  5:08  Zergling x8  
  70  5:11  Overlord  
  74  5:14  Overlord  
  74  5:18  Overlord  
  74  5:22  Roach  
  74  5:23  Roach  
  74  5:25  Roach  
  80  5:30  Glial Reconstitution  
  80  5:32  Roach  
  80  5:34  Extractor  
  80  5:35  Roach  
  83  5:38  Roach  
  83  5:40  Roach  
  83  5:41  Zergling x2  
  83  5:42  Zergling x2  
  89  5:43  Zergling x2  
  89  5:47  Roach  
  89  5:49  Overlord  
  92  5:52  Roach  
  92  5:57  Roach x2  
  98  6:02  Roach x2  
  103  6:04  Zergling x4  
  103  6:07  Overlord  
  104  6:14  Zergling x8  
  108  6:21  Roach x2  
  111  6:32  Roach x5  
  109  6:37  Roach x2  
  111  6:40  Roach  
  111  6:45  Roach x2  
  93  6:57  Roach x4  
  71  7:16  Roach x6  
  77  7:26  Roach  
  77  7:27  Roach x2  
  75  7:31  Roach  
  75  7:32  Roach  
  79  7:38  Drone x3  
  79  7:40  Drone  
  79  7:42  Drone  
  84  7:44  Drone  
  84  7:47  Drone  
  84  7:48  Drone  
  85  7:52  Ravager x4  
  85  7:54  Drone  
  85  7:57  Drone  
  91  8:02  Drone x2  
  91  8:03  Drone  
  91  8:04  Drone  
  95  8:08  Drone x2  
  95  8:14  Overlord  
  95  8:15  Queen  
  95  8:21  Drone x4  
  99  8:28  Spore Crawler  
  99  8:30  Queen  
  99  8:31  Queen  
  100  8:40  Roach x3  
  99  8:43  Roach  
  99  8:45  Roach  
  100  8:48  Drone x2  
  100  8:49  Drone  
  101  8:57  Roach x3  
  105  9:05  Roach x2  
  109  9:11  Overlord  
  109  9:15  Zergling x4  
  111  9:19  Zergling x2  
  112  9:32  Roach x5  
  112  9:36  Roach  
  121  9:39  Roach x4  
  121  9:40  Overlord x2  
  121  9:41  Overlord  
  128  10:02  Zergling x16  
  127  10:11  Roach x2  
  100  10:16  Roach  
  100  10:17  Roach x5  
  100  10:21  Zergling x2  
  111  10:27  Zergling x2  
  96  10:37  Roach  
  94  10:51  Hatchery  
Tags
 
Add a new tag
Caveats
  • Supply blocks, unpowered buildings, or Contaminate may cause inaccurate times.
  • Supply counts are checked every 10 seconds.